 Dungeon Crawl Stone Soup version 0.21-a0-2-ge494091 (webtiles) character file.

713 Klosterheim the Spear-Bearer (level 7, 0/56 HPs)
             Began as a Merfolk Gladiator on May 21, 2017.
             Slain by a sky beast (4 damage)
             ... on level 5 of the Dungeon.
             The game lasted 00:05:23 (3869 turns).

Klosterheim the Spear-Bearer (Merfolk Gladiator)    Turns: 3869, Time: 00:05:24

Health: 0/56       AC:  9    Str: 18    XL:     7   Next: 69%
Magic:  15/15      EV:  9    Int:  9    God:
Gold:   170        SH:  0    Dex: 16    Spells: 6/6 levels left

rFire    + . .     SeeInvis .   a - +0 trident
rCold    . . .     Gourm    .   (no shield)
rNeg     . . .     Faith    .   i - +0 chain mail
rPois    .         Spirit   .   c - +0 helmet
rElec    .         Reflect  .   (no cloak)
rCorr    .         Harm     .   (no gloves)
MR       .....                  (no boots)
Stlth    ..........             (no amulet)
Regen    0.2/turn               o - ring of magical power
MPRegen  0.2/turn               u - +4 ring of strength

@: no status effects
A: change form in water, swift swim, stealthy swim, fire resistance 1, low mp 1
a: no special abilities


You were on level 5 of the Dungeon.
You were not hungry.

You visited 1 branch of the dungeon, and saw 5 of its levels.

You collected 170 gold pieces.

Inventory:

Hand Weapons
 a - a +0 trident (weapon)
Missiles
 d - 3 throwing nets (quivered)
Armour
 c - a +0 helmet (worn)
 i - a +0 chain mail (worn)
Jewellery
 g - an uncursed amulet of harm
 j - an uncursed ring of fire
 o - a ring of magical power (left hand)
 u - a +4 ring of strength (right hand)
 v - an uncursed ring of magical power
Scrolls
 b - 4 scrolls of blinking {unknown}
 k - a scroll of fear {unknown}
 m - 2 scrolls of remove curse {unknown}
 q - a scroll of identify {unknown}
 s - a scroll of enchant weapon {unknown}
 t - a scroll of enchant armour {unknown}
 w - a scroll of recharging {unknown}
 x - a scroll of fog {unknown}
 y - a scroll of teleportation {unknown}
Potions
 e - a potion of might {unknown}
 l - a potion of agility {unknown}
 n - a potion of haste {unknown}
 p - 4 potions of curing
 r - 3 potions of mutation
 z - a potion of flight {unknown}
 A - a potion of resistance {unknown}
Comestibles
 f - 2 bread rations
 h - 2 meat rations
 B - 2 royal jellies
 C - 5 chunks of flesh


   Skills:
 - Level 5.1 Fighting
 - Level 10.2 Polearms
 - Level 2.0 Throwing
 + Level 0.5 Armour
 + Level 4.9 Dodging


You had 6 spell levels left.
You didn't know any spells.

Dungeon Overview and Level Annotations

Branches:
Dungeon (5/15)
 Temple: D:4-7

Altars:
Gozag
Zin


Innate Abilities, Weirdness & Mutations

You revert to your normal form in water.
You are very nimble and swift while swimming.
You are very stealthy in the water. (Stealth+)
Your flesh is heat resistant. (rF+)
Your magical capacity is low. (-10% MP)


Message History

You miss something. Something hits you but does no damage.
You barely miss something. Something hits you but does no damage.
You miss something. Something completely misses you.
You hit something. Something hits you but does no damage.
You barely miss something. You closely miss something.
Something hits you but does no damage.
You miss something. Something hits you. Something shocks you.
You hit something but do no damage. Something hits you. Something shocks you.
* * * LOW HITPOINT WARNING * * *
You hit something but do no damage. You closely miss something.
Something hits you but does no damage.
You barely miss something. Something hits you but does no damage.
You miss something. Something hits you.
* * * LOW HITPOINT WARNING * * *
Something shocks you.
* * * LOW HITPOINT WARNING * * *
You miss something. Something hits you but does no damage.
You hit something but do no damage. You miss something. Something hits you.
You die...

#..# ##. #..##.. ...
#....# .. #....# ..
####...## .#
##.......##..#
..........:.#..####
..#####(...........
##.# #..##@....... #
##.# #..##{.......
###..#
##.###..##...#
.....### #..# #..#
..# .......####..#
#..# ##
..........#..##....
................#..
...........##..#####
.........### #.#


There were no monsters in sight!

Vanquished Creatures
  2 ogres
  A black bear (D:4)
  A centaur (D:5)
  2 orc priests
  2 hounds
  A jelly (D:5)
  A centaur skeleton (D:4)
  An orc wizard (D:5)
  Robin (D:4)
  3 gnolls (D:4)
  3 adders
  A shadow imp (D:5)
  An ooze (D:3)
  An adder skeleton (D:5)
  2 worms
  2 dart slugs
  2 leopard geckos
  5 orcs
  3 ball pythons
  4 giant cockroaches
  4 hobgoblins
  5 jackals
  5 kobolds
  6 quokkas
  4 bats
  3 frilled lizards
  12 goblins
  A quokka skeleton (D:4)
  5 rats
84 creatures vanquished.

Notes
Turn   | Place    | Note
-------+----------+-------------------------------------------
     0 | D:1      | Klosterheim the Merfolk Gladiator began the quest for the Orb.
     0 | D:1      | Reached XP level 1. HP: 16/16 MP: 1/1
   336 | D:1      | Reached skill level 5 in Polearms
   336 | D:1      | Reached XP level 2. HP: 19/22 MP: 2/2
   969 | D:1      | Reached XP level 3. HP: 22/28 MP: 3/3
  1313 | D:2      | Reached skill level 6 in Polearms
  1479 | D:2      | Reached XP level 4. HP: 35/35 MP: 4/4
  1631 | D:2      | Found a glowing silver altar of Zin.
  1631 | D:2      | Noticed an angel
  2204 | D:4      | Noticed an ogre
  2207 | D:4      | Gained mutation: Your magical capacity is low. (-10% MP) [potion of mutation]
  2207 | D:4      | Gained mutation: Your flesh is heat resistant. (rF+) [potion of mutation]
  2217 | D:3      | Killed an ogre
  2217 | D:3      | Reached skill level 7 in Polearms
  2217 | D:3      | Reached XP level 5. HP: 7/42 MP: 4/4
  2530 | D:4      | Noticed Robin
  2536 | D:4      | Killed Robin
  2536 | D:4      | Reached skill level 8 in Polearms
  2545 | D:4      | Reached XP level 6. HP: 39/48 MP: 5/5
  2879 | D:4      | Found an opulent altar of Gozag.
  2966 | D:4      | Reached skill level 9 in Polearms
  3090 | D:4      | Reached XP level 7. HP: 55/55 MP: 6/6
  3129 | D:4      | Reached skill level 5 in Fighting
  3447 | D:5      | Entered Level 5 of the Dungeon
  3466 | D:5      | Reached skill level 10 in Polearms
  3869 | D:5      | Slain by a sky beast

Vault maps used:
D:1:      dpeg_arrival_simpleton_b, kennysheep_minor_cross
D:2:      zin_angel
D:4:      black_bear_nest_2, grunt_gozag_statues, uniq_robin
D:5:      first_bread, basic_altar, hangedman_abyss_or_decor_jellyfish_corner,
          uniq_menkaure

Skill      XL: |  1  2  3  4  5  6  7 |
---------------+----------------------+-----
Polearms       | 5 6 7 8 9 10 | 10.2
Fighting       | 3 4 5 |  5.1
Throwing       | |  2.0
Armour         | |  0.5
Dodging        | |  4.9

Action                   |  1- 3 |  4- 6 |  7- 9 || total
-------------------------+-------+-------+-------++-------
Melee: Trident           |   119 |   140 |   113 ||   372
  Use: Potion            |       |     3 |       ||     3
 Stab: Sleeping          |     1 |       |       ||     1
  Eat: Chunk             |     2 |     5 |     3 ||    10
Armor: Chain mail        |    64 |    43 |    48 ||   155
       Leather armour    |     2 |       |       ||     2
Dodge: Dodged            |    41 |    48 |    44 ||   133
